TOP OF THE 1ST |
Brooklyn Cyclones batting - Pitching for West Virginia Black Bears : LHP Adam Clarke
|
Pitching: LHP Adam Clarke
|
|
Batting: RHB Prabhukumar Santhanakrishnan
|
0-0: Ball 1-0: SINGLE (Groundball, 4M, EV 105.6 MPH) (infield hit)
|
Batting: LHB Matt Baker
|
0-0: Ball 1-0: SINGLE (Groundball, 56, EV 108.1 MPH) Prabhukumar Santhanakrishnan to second
|
Batting: RHB Mike Mathews
|
0-0: Ball 1-0: Ball Prabhukumar Santhanakrishnan steals 3rd base Matt Baker to second 2-0: Ground out 6-3 (Groundball, 6, EV 90.0 MPH) Prabhukumar Santhanakrishnan scores Matt Baker to third
|
Batting: RHB Bill Crogan
|
0-0: Ball 1-0: Called Strike 1-1: Foul Ball, location: 2F 1-2: Foul Ball, location: 2F 1-2: Ball Wild Pitch! Matt Baker scores 2-2: Foul Ball, location: 2F 2-2: SINGLE (Groundball, 34D, EV 95.6 MPH)
|
Batting: RHB Victor Reyes
|
0-0: Fielders Choice at 2nd, 4-6 (Groundball, 34, EV 87.5 MPH)
|
Batting: RHB Matt Tittle
|
0-0: Ball 1-0: Ball 2-0: Ball 3-0: Called Strike 3-1: Base on Balls Victor Reyes to second
|
Batting: RHB Chris Pynn
|
0-0: Fly out, F3 (Popup, 34S, EV 75.0 MPH)
|
Top of the 1st over - 2 runs, 3 hits, 0 errors, 2 left on base; Brooklyn 2 - West Virginia 0 |
BOTTOM OF THE 1ST |
West Virginia Black Bears batting - Pitching for Brooklyn Cyclones : LHP Brad Guffin
|
Pitching: LHP Brad Guffin
|
|
Batting: SHB Don Hauk
|
0-0: Called Strike 0-1: Ball 1-1: SOLO HOME RUN (Flyball, 8RXD, EV 107.5 MPH), Distance : 452 ft
|
Batting: RHB Joe Bower
|
0-0: Ball 1-0: Ball 2-0: Hit by Pitch, AND HE CHARGES THE MOUND! The benches clear!
|
Pitching: LHP Dan Clausing
|
|
Pinch Runner at 1st Jesse Haught:
|
|
Batting: RHB Mike Weeks
|
0-0: Called Strike 0-1: Ball 1-1: Ball 2-1: Foul Ball, location: 2F 2-2: Foul Ball, location: 2F 2-2: Ball 3-2: Fly out, F7 (Flyball, 78M, EV 94.4 MPH)
|
Batting: SHB Yutaro Takahashi
|
0-0: Ball 1-0: Ball 2-0: Swinging Strike 2-1: Ball 3-1: Called Strike 3-2: Foul Ball, location: 2F 3-2: Foul Ball, location: 2F 3-2: Fielders Choice at 2nd, 6-4 (Groundball, 6MS, EV 89.4 MPH)
|
Batting: LHB Dave Cook
|
0-0: Ball 1-0: Ball 2-0: Ball 3-0: Called Strike 3-1: Called Strike 3-2: Foul Ball, location: 2F 3-2: Strikes out swinging
|
Bottom of the 1st over - 1 run, 1 hit, 0 errors, 1 left on base; Brooklyn 2 - West Virginia 1 |
TOP OF THE 2ND |
Brooklyn Cyclones batting - Pitching for West Virginia Black Bears : LHP Adam Clarke
|
Now in RF: Jesse Haught
|
|
Batting: LHB Elmo Dreier
|
0-0: Ball 1-0: Called Strike 1-1: Ball 2-1: Fly out, F8 (Flyball, 8RD, EV 101.9 MPH)
|
Batting: SHB Duri Chilemba
|
0-0: Ground out 5-3 (Groundball, 56S, EV 83.1 MPH)
|
Batting: RHB Prabhukumar Santhanakrishnan
|
0-0: Called Strike 0-1: Ball 1-1: Ball 2-1: Foul Ball, location: 2F 2-2: Foul Ball, location: 2F 2-2: Foul Ball, location: 2F 2-2: SINGLE (Groundball, 6MD, EV 106.2 MPH)
|
Batting: LHB Matt Baker
|
0-0: Ball Prabhukumar Santhanakrishnan steals 2nd base 1-0: SINGLE (Groundball, 34S, EV 70.6 MPH) (infield hit) Prabhukumar Santhanakrishnan to third
|
Batting: RHB Mike Mathews
|
0-0: Foul Ball, location: 2F 0-1: Foul Ball, location: 2F 0-2: Strikes out swinging
|
Top of the 2nd over - 0 runs, 2 hits, 0 errors, 2 left on base; Brooklyn 2 - West Virginia 1 |
BOTTOM OF THE 2ND |
West Virginia Black Bears batting - Pitching for Brooklyn Cyclones : LHP Dan Clausing
|
Batting: RHB Sam Voss
|
0-0: Foul Ball, location: 2F 0-1: Swinging Strike 0-2: Ground out 1-3 (Groundball, 34S, EV 71.9 MPH)
|
Batting: RHB Erik Mulligan
|
0-0: Called Strike 0-1: Swinging Strike 0-2: Strikes out swinging
|
Batting: LHB William Matthews
|
0-0: Ball 1-0: Foul Ball, location: 2F 1-1: Swinging Strike 1-2: Strikes out swinging
|
Bottom of the 2nd over - 0 runs, 0 hits, 0 errors, 0 left on base; Brooklyn 2 - West Virginia 1 |
TOP OF THE 3RD |
Brooklyn Cyclones batting - Pitching for West Virginia Black Bears : LHP Adam Clarke
|
Batting: RHB Bill Crogan
|
0-0: Ball 1-0: Ground out 4-3 (Groundball, 4, EV 96.2 MPH)
|
Batting: RHB Victor Reyes
|
0-0: Foul Ball, location: 2F 0-1: Ball 1-1: Called Strike 1-2: Foul Ball, location: 2F 1-2: Ball 2-2: Foul Ball, location: 2F 2-2: Ground out 2-3 (Groundball, 13S, EV 66.2 MPH)
|
Pitching: RHP Randy Nelligan
|
|
Batting: RHB Matt Tittle
|
0-0: Called Strike 0-1: Ball 1-1: Called Strike 1-2: Ball 2-2: Strikes out swinging
|
Top of the 3rd over - 0 runs, 0 hits, 0 errors, 0 left on base; Brooklyn 2 - West Virginia 1 |
BOTTOM OF THE 3RD |
West Virginia Black Bears batting - Pitching for Brooklyn Cyclones : LHP Dan Clausing
|
Batting: LHB Jim Weidman
|
0-0: Swinging Strike 0-1: Foul Ball, location: 2F 0-2: Ball 1-2: Ground out 4-3 (Groundball, 4M, EV 103.1 MPH)
|
Batting: SHB Don Hauk
|
0-0: Swinging Strike 0-1: Foul Ball, location: 2F 0-2: Strikes out swinging
|
Batting: LHB Jesse Haught
|
0-0: Called Strike 0-1: Ball 1-1: Ball 2-1: Ball 3-1: Base on Balls
|
Batting: RHB Mike Weeks
|
0-0: TRIPLE (Line Drive, 89XD, EV 99.4 MPH) Jesse Haught scores
|
Batting: SHB Yutaro Takahashi
|
0-0: Foul Ball, location: 2F 0-1: Ball 1-1: Ball 2-1: Ball 3-1: Foul Ball, location: 2F 3-2: Base on Balls
|
Batting: LHB Dave Cook
|
0-0: Ball 1-0: Ball 2-0: Ball 3-0: Base on Balls Yutaro Takahashi to second
|
Batting: RHB Sam Voss
|
0-0: Foul Ball, location: 2F 0-1: Fielders Choice at 2nd, U4 (Groundball, 4M, EV 80.6 MPH)
|
Bottom of the 3rd over - 1 run, 1 hit, 0 errors, 3 left on base; Brooklyn 2 - West Virginia 2 |
TOP OF THE 4TH |
Brooklyn Cyclones batting - Pitching for West Virginia Black Bears : RHP Randy Nelligan
|
Batting: RHB Chris Pynn
|
0-0: Called Strike 0-1: Ball 1-1: Swinging Strike 1-2: Ball 2-2: Ball 3-2: Foul Ball, location: 2F 3-2: Strikes out swinging
|
Batting: LHB Elmo Dreier
|
0-0: Ground out 3-1 (Groundball, 34, EV 88.8 MPH)
|
Batting: SHB Duri Chilemba
|
0-0: Called Strike 0-1: Ball 1-1: Ball 2-1: Foul Ball, location: 2F 2-2: Ball 3-2: Base on Balls
|
Batting: RHB Prabhukumar Santhanakrishnan
|
0-0: Called Strike 0-1: Swinging Strike 0-2: Strikes out swinging
|
Top of the 4th over - 0 runs, 0 hits, 0 errors, 1 left on base; Brooklyn 2 - West Virginia 2 |
BOTTOM OF THE 4TH |
West Virginia Black Bears batting - Pitching for Brooklyn Cyclones : LHP Dan Clausing
|
Batting: RHB Erik Mulligan
|
0-0: Ball 1-0: Foul Ball, location: 2F 1-1: Hit by Pitch
|
Batting: LHB William Matthews
|
0-0: Ball 1-0: Swinging Strike 1-1: Ball 2-1: Ball 3-1: Called Strike 3-2: Strikes out swinging
|
Pitching: RHP John Stepanian
|
|
Batting: LHB Jim Weidman
|
0-0: Called Strike 0-1: Called Strike 0-2: Strikes out looking
|
Batting: SHB Don Hauk
|
0-0: Foul Ball, location: 2F 0-1: Ball 1-1: Ball 2-1: Foul Ball, location: 2F 2-2: Ground out 4-3 (Groundball, 4, EV 79.4 MPH)
|
Bottom of the 4th over - 0 runs, 0 hits, 0 errors, 1 left on base; Brooklyn 2 - West Virginia 2 |
TOP OF THE 5TH |
Brooklyn Cyclones batting - Pitching for West Virginia Black Bears : RHP Randy Nelligan
|
Batting: LHB Matt Baker
|
0-0: Called Strike 0-1: Ball 1-1: SINGLE (Groundball, 4MS, EV 68.8 MPH) (infield hit)
|
Batting: RHB Mike Mathews
|
0-0: Called Strike Matt Baker steals 2nd base 0-1: SINGLE (Groundball, 4D, EV 107.5 MPH) Matt Baker to third Runner from 3rd tries for Home, SAFE, throw by RF to home
|
Pitching: RHP Sung-jae Choo
|
|
Batting: RHB Bill Crogan
|
0-0: Grounds into double play, 5-4-3 (Groundball, 56S, EV 78.8 MPH)
|
Batting: RHB Victor Reyes
|
0-0: Ball 1-0: Swinging Strike 1-1: Ball 2-1: Swinging Strike 2-2: Strikes out looking
|
Top of the 5th over - 1 run, 2 hits, 0 errors, 0 left on base; Brooklyn 3 - West Virginia 2 |
BOTTOM OF THE 5TH |
West Virginia Black Bears batting - Pitching for Brooklyn Cyclones : RHP John Stepanian
|
Batting: LHB Jesse Haught
|
0-0: Called Strike 0-1: Ball 1-1: Foul Ball, location: 2F 1-2: Ball 2-2: Foul Ball, location: 2F 2-2: Strikes out swinging
|
Batting: RHB Mike Weeks
|
0-0: Ball 1-0: Ball 2-0: Ball 3-0: Called Strike 3-1: Called Strike 3-2: Fly out, F7 (Flyball, 7S, EV 93.1 MPH)
|
Batting: SHB Yutaro Takahashi
|
0-0: Ball 1-0: Ball 2-0: Ball 3-0: Base on Balls
|
Batting: LHB Dave Cook
|
0-0: Ball Yutaro Takahashi steals 2nd base (no throw) 1-0: Swinging Strike 1-1: Foul Ball, location: 2F 1-2: Hit by Pitch
|
Batting: RHB Sam Voss
|
0-0: Called Strike 0-1: Ball 1-1: Ball 2-1: Ball 3-1: Base on Balls Yutaro Takahashi to third Dave Cook to second
|
Batting: RHB Erik Mulligan
|
0-0: Called Strike 0-1: Swinging Strike 0-2: Ball 1-2: Foul Ball, location: 2F 1-2: Strikes out swinging
|
Bottom of the 5th over - 0 runs, 0 hits, 0 errors, 3 left on base; Brooklyn 3 - West Virginia 2 |
TOP OF THE 6TH |
Brooklyn Cyclones batting - Pitching for West Virginia Black Bears : RHP Sung-jae Choo
|
Batting: RHB Matt Tittle
|
0-0: Ball 1-0: Ball 2-0: Ball 3-0: Called Strike 3-1: Called Strike 3-2: Fly out, F8 (Flyball, 89D, EV 101.9 MPH)
|
Batting: RHB Chris Pynn
|
0-0: Ball 1-0: Called Strike 1-1: Ball 2-1: Ground out 3-1 (Groundball, 34S, EV 62.5 MPH)
|
Batting: LHB Elmo Dreier
|
0-0: Foul Ball, location: 2F 0-1: Ball 1-1: Ground out 6-3 (Groundball, 6, EV 86.9 MPH)
|
Top of the 6th over - 0 runs, 0 hits, 0 errors, 0 left on base; Brooklyn 3 - West Virginia 2 |
BOTTOM OF THE 6TH |
West Virginia Black Bears batting - Pitching for Brooklyn Cyclones : RHP John Stepanian
|
Batting: LHB William Matthews
|
0-0: Ball 1-0: Ground out U3 (Groundball, 3, EV 105.6 MPH)
|
Batting: LHB Jim Weidman
|
0-0: Swinging Strike 0-1: SINGLE (Groundball, 4MD, EV 102.5 MPH)
|
Batting: SHB Don Hauk
|
0-0: Called Strike 0-1: 2-RUN HOME RUN (Line Drive, 9D, EV 108.8 MPH), Distance : 416 ft
|
Batting: LHB Jesse Haught
|
0-0: Swinging Strike 0-1: Foul Ball, location: 2F 0-2: Strikes out swinging
|
Batting: RHB Mike Weeks
|
0-0: Ball 1-0: Called Strike 1-1: Swinging Strike 1-2: Strikes out swinging
|
Bottom of the 6th over - 2 runs, 2 hits, 0 errors, 0 left on base; Brooklyn 3 - West Virginia 4 |
TOP OF THE 7TH |
Brooklyn Cyclones batting - Pitching for West Virginia Black Bears : RHP Sung-jae Choo
|
Pitching: RHP Pat Hall
|
|
Batting: SHB Duri Chilemba
|
0-0: Ball 1-0: Ball 2-0: Called Strike 2-1: Foul Ball, location: 2F 2-2: Foul Ball, location: 2F 2-2: Strikes out swinging
|
Batting: RHB Prabhukumar Santhanakrishnan
|
0-0: Ball 1-0: Ball 2-0: Ball 3-0: Called Strike 3-1: Foul Ball, location: 2F 3-2: Base on Balls
|
Batting: LHB Matt Baker
|
0-0: Ball 1-0: Ball 2-0: Ball Prabhukumar Santhanakrishnan is caught stealing 2nd base 2-6 3-0: Called Strike 3-1: Ground out 4-3 (Groundball, 34S, EV 85.0 MPH)
|
Top of the 7th over - 0 runs, 0 hits, 0 errors, 0 left on base; Brooklyn 3 - West Virginia 4 |
BOTTOM OF THE 7TH |
West Virginia Black Bears batting - Pitching for Brooklyn Cyclones : RHP John Stepanian
|
Pitching: RHP Jason Horvath
|
|
Batting: SHB Yutaro Takahashi
|
0-0: Called Strike 0-1: Ball 1-1: Ball 2-1: Ball 3-1: Foul Ball, location: 2F 3-2: Base on Balls
|
Batting: LHB Dave Cook
|
0-0: Ball Yutaro Takahashi is caught stealing 2nd base 2-6 1-0: Ball 2-0: Ball 3-0: Called Strike 3-1: Foul Ball, location: 2F 3-2: Foul Ball, location: 2F 3-2: Foul Ball, location: 2F 3-2: Base on Balls
|
Batting: RHB Sam Voss
|
0-0: Ball 1-0: Swinging Strike 1-1: Ball 2-1: Foul Ball, location: 2F 2-2: Ball 3-2: Foul Ball, location: 2F 3-2: Foul Ball, location: 2F 3-2: Grounds into double play, 6-4-3 (Groundball, 6M, EV 80.0 MPH)
|
Bottom of the 7th over - 0 runs, 0 hits, 0 errors, 0 left on base; Brooklyn 3 - West Virginia 4 |
TOP OF THE 8TH |
Brooklyn Cyclones batting - Pitching for West Virginia Black Bears : RHP Pat Hall
|
Pitching: RHP Onne Stubbe
|
|
Batting: RHB Mike Mathews
|
0-0: Foul Ball, location: 2F 0-1: Foul Ball, location: 2F 0-2: Ball 1-2: Ball 2-2: Strikes out swinging
|
Batting: RHB Bill Crogan
|
0-0: Foul Ball, location: 2F 0-1: Ball 1-1: Ball 2-1: Called Strike 2-2: Ground out 4-3 (Groundball, P, EV 80.6 MPH)
|
Batting: RHB Victor Reyes
|
0-0: Hit by Pitch
|
Batting: RHB Matt Tittle
|
0-0: Called Strike 0-1: Fly out, F8 (Flyball, 8RXD, EV 96.2 MPH)
|
Top of the 8th over - 0 runs, 0 hits, 0 errors, 1 left on base; Brooklyn 3 - West Virginia 4 |
BOTTOM OF THE 8TH |
West Virginia Black Bears batting - Pitching for Brooklyn Cyclones : RHP Jason Horvath
|
Batting: RHB Erik Mulligan
|
0-0: Ball 1-0: Called Strike 1-1: Foul Ball, location: 2F 1-2: Strikes out swinging
|
Batting: LHB William Matthews
|
0-0: Swinging Strike 0-1: Swinging Strike 0-2: Strikes out swinging
|
Batting: LHB Jim Weidman
|
0-0: Swinging Strike 0-1: Foul Ball, location: 2F 0-2: Ball 1-2: Strikes out looking
|
Bottom of the 8th over - 0 runs, 0 hits, 0 errors, 0 left on base; Brooklyn 3 - West Virginia 4 |
TOP OF THE 9TH |
Brooklyn Cyclones batting - Pitching for West Virginia Black Bears : RHP Onne Stubbe
|
Pitching: RHP Francisco Santos
|
|
Batting: RHB Chris Pynn
|
0-0: SINGLE (Groundball, 6, EV 98.8 MPH)
|
Batting: LHB Elmo Dreier
|
0-0: Ball 1-0: Sac Bunt to 15 - play at first, batter OUT! 1-4 Chris Pynn to second
|
Pinch Hitting: RHB Jack Nickleberry
|
0-0: Ball 1-0: Ball 2-0: Ball 3-0: Base on Balls
|
Batting: RHB Prabhukumar Santhanakrishnan
|
0-0: Ball 1-0: DOUBLE (Line Drive, 7LD, EV 96.9 MPH) Chris Pynn scores Jack Nickleberry to third Runner from 3rd tries for Home, SAFE, no throw by LF
|
Batting: LHB Matt Baker
|
0-0: Called Strike 0-1: Foul Ball, location: 2F 0-2: Fly out, F9 (Line Drive, 9, EV 89.4 MPH)
|
Batting: RHB Mike Mathews
|
0-0: Called Strike 0-1: Ball 1-1: SINGLE (Groundball, 6MD, EV 103.1 MPH) Prabhukumar Santhanakrishnan to third Runner from 3rd tries for Home, SAFE, throw by CF to home
|
Batting: RHB Bill Crogan
|
0-0: Ball 1-0: Called Strike 1-1: Ball 2-1: Foul Ball, location: 2F 2-2: Strikes out swinging
|
Top of the 9th over - 3 runs, 3 hits, 0 errors, 1 left on base; Brooklyn 6 - West Virginia 4 |
BOTTOM OF THE 9TH |
West Virginia Black Bears batting - Pitching for Brooklyn Cyclones : RHP Jason Horvath
|
Now at 3B: Callum Lynch
|
|
Batting: SHB Don Hauk
|
0-0: SINGLE (Groundball, 4MD, EV 90.0 MPH) (infield hit)
|
Batting: LHB Jesse Haught
|
0-0: Ball 1-0: DOUBLE (Flyball, 89XD, EV 101.2 MPH) Don Hauk to third
|
Batting: RHB Mike Weeks
|
0-0: Ball 1-0: Ball 2-0: Called Strike 2-1: Called Strike 2-2: Ball 3-2: Base on Balls
|
Batting: SHB Yutaro Takahashi
|
0-0: Swinging Strike 0-1: Ball Wild Pitch! Don Hauk scores Jesse Haught to third Mike Weeks to second 1-1: Foul Ball, location: 2F 1-2: Strikes out looking
|
Batting: LHB Dave Cook
|
0-0: Intentional Walk
|
Batting: RHB Sam Voss
|
0-0: Ball 1-0: Ball 2-0: Foul Ball, location: 2F 2-1: Ball 3-1: Swinging Strike 3-2: Strikes out swinging
|
Pitching: RHP Ethan Massey
|
|
Batting: RHB Erik Mulligan
|
0-0: Ball 1-0: Called Strike 1-1: Swinging Strike 1-2: Ball 2-2: Strikes out swinging
|
Bottom of the 9th over - 1 run, 2 hits, 0 errors, 3 left on base; Brooklyn 6 - West Virginia 5 |
|